 Dungeon Crawl Stone Soup version 0.14-a0-2746-g43b4f9c (webtiles) character file.

8544 Psiweapon the Ruffian (level 11, 0/105 HPs)
             Began as a Troll Transmuter on Feb 22, 2014.
             Was a High Priest of Cheibriados.
             Slain by a large slime creature (18 damage)
             ... on Level 12 of the Dungeon.
             The game lasted 01:10:06 (9634 turns).

Psiweapon the Ruffian (Troll Transmuter)            Turns: 9634, Time: 01:10:06

HP   0/105       AC  8     Str 30      XL: 11   Next:  2%
MP   5/9         EV 13     Int 22      God: Cheibriados [*****.]
Gold 667         SH 19     Dex 21      Spells:  2 memorised,  8 levels left

rFire  + + .     SeeInvis +       - Unarmed
rCold  + . .     Clarity  .     Q - +1 robe {rC+ rF+}
rNeg   . . .     Conserve .     v - +0 shield {rF+}
rPois  .         rCorr    .     s - +2 hat {SInv}
rElec  .         rRot     .     (no cloak)
SustAb . .       Spirit   .     (gloves unavailable)
rMut   .         Warding  .     (boots unavailable)
Gourm  +         Stasis   .     (no amulet)
MR     .....                    (no ring)
                                W - ring of sustenance

@: mildly poisoned, very slow, not resistant to hostile enchantments, unstealthy
A: unfitting armour, antennae 1, claws 3, hooves 1, fast metabolism 3, gourmand,
low mp 1, regeneration 2, saprovore 2, shaggy fur 1, tough skin 2, weak 1
a: Bend Time, Temporal Distortion, Slouch, Step From Time, Renounce Religion


You were on level 12 of the Dungeon.
You worshipped Cheibriados.
Cheibriados was extremely pleased with you.
You were completely stuffed.

You visited 2 branches of the dungeon, and saw 13 of its levels.

You collected 667 gold pieces.

Inventory:

Hand weapons
 c - a +2,+2 dire flail of holy wrath
 F - a +0,+0 giant spiked club
 R - the +5,+6 battleaxe of Prudence {flame, Noisy +Rage Int+3}
   (You found it on level 7 of the Dungeon)

   It emits flame when wielded, causing extra injury to most foes and up to
   double damage against particularly susceptible opponents.
   Big, fiery blades are also staple armaments of hydra-hunters.
   It affects your intelligence (+3).
   It lets you go berserk.
   It may make noises in combat.
   Cheibriados disapproves of the use of such an item.
Missiles
 l - 6 tomahawks (quivered)
 u - a throwing net
Armour
 s - a +2 hat of see invisible (worn)
 v - a +0 shield of fire resistance (worn)
 G - a +1 elven hat
 Q - a +1 robe of resistance (worn)
Magical devices
 x - a wand of fire (0)
 y - a wand of draining (3) {unknown}
 C - a wand of fire (9)
 K - a wand of teleportation (5)
 Y - a wand of enslavement (8)
Comestibles
 a - 4 meat rations
 h - 2 pears
 i - 8 bread rations
 O - 3 chunks of orc flesh
 S - 11 grapes
 T - 6 beef jerkies
 U - a choko
 Z - a honeycomb
Scrolls
 f - 5 scrolls of teleportation
 j - a scroll of blinking {unknown}
 n - 3 scrolls of magic mapping
 p - 2 scrolls of amnesia {unknown}
 q - 8 scrolls of remove curse
 r - 2 scrolls of fear {unknown}
 t - 2 scrolls of enchant weapon I {unknown}
 w - a scroll of recharging {unknown}
 A - a scroll of immolation {unknown}
 D - a scroll of curse jewellery {unknown}
 N - 2 scrolls of enchant weapon II
 P - a scroll of fog
Jewellery
 M - an uncursed ring of wizardry
 W - a ring of sustenance (left claw)
Potions
 g - a potion of flight
 k - a potion of might
 m - 9 potions of curing
 z - a potion of berserk rage
 B - a potion of magic
 E - 3 potions of restore abilities
 H - a potion of invisibility
 L - 2 potions of brilliance
 V - 2 potions of heal wounds
Books
 b - the Guide on Hurtful Execration
   (You found it on level 12 of the Dungeon)

   Spells                             Type                      Level
   Flame Tongue                       Conjuration/Fire             1
   Confusing Touch                    Hexes                        1
   Dazzling Spray                     Conjuration/Hexes            3
   Conjure Flame                      Conjuration/Fire             3
   Leda's Liquefaction                Hexes/Earth                  4
   Invisibility                       Hexes                        6
 d - a book of Changes

   Spells                             Type                      Level
   *Beastly Appendage                 Transmutation                1
   Sticks to Snakes                   Transmutation                2
   Spider Form                        Transmutation/Poison         3
   Ice Form                           Ice/Transmutation            4
   *Blade Hands                       Transmutation                5
 e - a book of Callings

   Spells                             Type                      Level
   Summon Small Mammal                Summoning                    1
   Call Imp                           Summoning                    2
   Call Canine Familiar               Summoning                    3
   Summon Guardian Golem              Hexes/Summoning              4
   Summon Lightning Spire             Summoning/Air                4
   Summon Ice Beast                   Ice/Summoning                4
 J - a book of Control

   Spells                             Type                      Level
   Control Teleport                   Charms/Translocation         4
   Control Undead                     Necromancy                   4
   Enslavement                        Hexes                        4
   Mass Confusion                     Hexes                        6
   Metabolic Englaciation             Hexes/Ice                    5
Magical staves
 o - an uncursed staff of conjuration
Miscellaneous
 I - an ornate deck of war {the Tomb}
 X - a plain deck of destruction


   Skills:
 - Level 5.6 Fighting
 - Level 5.4 Axes
 - Level 3.3 Maces & Flails
 - Level 7.1 Dodging
 + Level 0.8 Shields
 + Level 7.6 Unarmed Combat
 + Level 2.2 Spellcasting
 - Level 6.3 Transmutations


You had 8 spell levels left.
You knew the following spells:

 Your Spells              Type           Power        Failure   Level  Hunger
a - Beastly Appendage     Trmt           ####..       8%          1    #......
b - Blade Hands           Trmt           ####......   98%         5    ######.


Dungeon Overview and Level Annotations

Branches:
Dungeon (12/16)            Temple (1/1) D:6            Lair (0/8) D:9
    Orc: D:9-12

Altars:
Ashenzari
Cheibriados
Dithmenos
Elyvilon
Fedhas
Kikubaaqudgha
Makhleb
Nemelex Xobeh
Okawaru
Trog
Vehumet
Xom
Yredelemnul
Zin
The Shining One


Innate Abilities, Weirdness & Mutations

You are too large for most types of armour.
You have claws for hands.
Your metabolism is lightning-fast.
You like to eat raw meat.
You heal very quickly.
You can eat rotten meat.
You are covered in fur (AC +1).
You have very tough skin (AC +2).
You have a pair of small antennae on your head.
You have large cloven feet.
Your magical capacity is low (-10% MP).
You are weak. (Str -2)


Message History

* * * LOW HITPOINT WARNING * * *
There are monsters nearby!
There isn't anything here!
Use which ability? (? or * to list)
You warp the flow of time around you!
You feel somewhat less full.
There are no items here.
Read which item? (? for menu, Esc to quit)
Okay, then.
Cast which spell? (? or * to list)
Okay, then.
Evoke which item? (* to show all) (? for menu, Esc to quit)
Zapping:
Y - a wand of enslavement {zapped: 1}
Press: ? - help, Shift-Dir - straight line, f - large slime creature
Aim: a large slime creature (lightly wounded, hasn't noticed you)
The large slime creature easily resists.
You block the killer bee's attack. The killer bee stings you.
* * * LOW HITPOINT WARNING * * *
You are poisoned.
The killer bee poisons you! The large slime creature hits you!
You die...

........... #
##'#######'### .... ##.#
..# ..... ...# #.# ......
##.# #.# ....... #.# #.#
....... #.# #.# .......
#.# #.#####........ #.#
#...J@kk.......
#.#########.#####k.......
#...........# .......
############# .......
#######


You could see a large slime creature and 3 killer bees.

Vanquished Creatures
  A hill giant (D:9)
  An item mimic (D:8)
  2 two-headed ogres
  A troll (D:11)
  3 slime creatures (D:12)
  A wraith (D:7)
  4 yaks
  A steam dragon (D:9)
  2 hippogriffs
  The ghost of Restia the Ruinous, an average DsCj (D:5)
  2 necrophages (D:7)
  3 orc warriors
  An ice beast (D:6)
  6 ogres
  A black bear (D:7)
  3 centaurs
  A phantom (D:8)
  A crocodile (D:9)
  10 giant frogs
  An eye of draining (D:10)
  5 killer bees
  2 wights (D:7)
  A jelly (D:11)
  2 vampire bats (D:3)
  7 crimson imps
  2 centaur zombies
  3 orc priests
  2 goliath beetles
  3 gnoll shamans
  4 human zombies (D:7)
  9 iguanas
  2 scorpions
  A human skeleton (D:7)
  A water moccasin zombie (D:7)
  2 centaur skeletons
  6 orc wizards
  6 hounds
  3 worker ants
  A killer bee zombie (D:9)
  A sky beast zombie (D:8)
  2 mummies (D:7)
  10 adders
  17 gnolls
  A giant mite (D:7)
  5 worms
  An adder zombie (D:8)
  2 giant eyeballs
  5 giant geckos
  An ooze (D:1)
  29 orcs
  2 ball pythons
  12 goblins
  11 hobgoblins
  4 jackals (D:3)
  14 kobolds
  18 bats
  5 giant cockroaches
  11 giant newts
  3 orc skeletons
  4 quokkas
  14 rats
280 creatures vanquished.

Notes
Turn   | Place    | Note
--------------------------------------------------------------
     0 | D:1      | Psiweapon, the Troll Transmuter, began the quest for the Orb.
     0 | D:1      | Reached XP level 1. HP: 18/18 MP: 2/2
   131 | D:1      | Reached skill level 1 in Fighting
   294 | D:1      | Reached XP level 2. HP: 27/27 MP: 2/2
   854 | D:2      | Reached XP level 3. HP: 28/33 MP: 3/3
  1536 | D:3      | Reached XP level 4. HP: 37/42 MP: 4/4
  2200 | D:3      | Reached XP level 5. HP: 44/49 MP: 4/4
  2576 | D:4      | Paralysed by a giant eyeball for 3 turns
  2603 | D:4      | Reached skill level 4 in Unarmed Combat
  2603 | D:4      | Reached XP level 6. HP: 47/59 MP: 5/5
  3557 | D:5      | Entered Level 5 of the Dungeon
  3596 | D:5      | Reached XP level 7. HP: 38/67 MP: 5/5
  3731 | D:5      | Noticed Restia's ghost (average DsCj)
  3738 | D:5      | Killed Restia's ghost
  3939 | D:5      | Reached skill level 5 in Unarmed Combat
  4448 | D:6      | Reached XP level 8. HP: 78/78 MP: 6/6
  4551 | D:6      | Reached skill level 1 in Maces & Flails
  4562 | D:6      | Got a heavily runed brass ring
  4565 | D:6      | Identified the ring "Prigaul" {Contam Int+2} (You found it on level 6 of the Dungeon)
  4791 | D:6      | Found a sparkling altar of Nemelex Xobeh.
  4913 | D:6      | Found a staircase to the Ecumenical Temple.
  4921 | Temple   | Entered the Ecumenical Temple
  4972 | Temple   | Became a worshipper of Cheibriados the Contemplative
  5282 | D:7      | Reached skill level 6 in Unarmed Combat
  5397 | D:7      | Reached skill level 5 in Dodging
  5425 | D:7      | Reached XP level 9. HP: 76/84 MP: 7/7
  5432 | D:7      | Found a basalt altar of Yredelemnul.
  5471 | D:7      | Got an ebony battleaxe
  5472 | D:7      | Identified the cursed +5,+6 battleaxe of Prudence {flame, Noisy +Rage Int+3} (You found it on level 7 of the Dungeon)
  5663 | D:7      | Paralysed by a giant eyeball for 2 turns
  5830 | D:7      | Reached skill level 1 in Axes
  6192 | D:8      | Reached skill level 5 in Transmutations
  6437 | D:8      | Reached skill level 7 in Unarmed Combat
  6546 | D:8      | Killed a potion of poison mimic
  6841 | D:8      | Found an iron altar of Okawaru.
  6842 | D:8      | Found a glowing golden altar of the Shining One.
  7258 | D:9      | Found a staircase to the Lair.
  7271 | D:9      | Acquired Cheibriados' first power
  7271 | D:9      | Reached XP level 10. HP: 77/92 MP: 7/7
  7685 | D:9      | Gained mutation: You are agile. (Dex +2) [potion of mutation]
  7685 | D:9      | Gained mutation: You are weak. (Str -2) [potion of mutation]
  7685 | D:9      | Gained mutation: You have large cloven feet. [potion of mutation]
  7792 | D:9      | Acquired Cheibriados' second power
  7949 | D:9      | Noticed a hill giant
  7964 | D:9      | Killed a hill giant
  8055 | D:10     | Entered Level 10 of the Dungeon
  8191 | D:10     | Found a glowing golden altar of the Shining One.
  8541 | D:10     | Reached skill level 5 in Fighting
  8931 | D:11     | Reached skill level 5 in Axes
  9008 | D:11     | Gained mutation: You have a pair of small antennae on your head. [potion of mutation]
  9008 | D:11     | Gained mutation: Your magical capacity is low (-10% MP). [potion of mutation]
  9008 | D:11     | Lost mutation: You are agile. (Dex +2) [potion of mutation]
  9102 | D:11     | Acquired Cheibriados' third power
  9363 | D:12     | Identified the Guide on Hurtful Execration (You found it on level 12 of the Dungeon)
  9470 | D:12     | Identified 2 scrolls of acquirement
  9506 | D:12     | Learned a level 5 spell: Blade Hands
  9618 | D:12     | Reached XP level 11. HP: 95/105 MP: 9/9
  9634 | D:12     | Slain by a large slime creature

Action                   |  1- 3 |  4- 6 |  7- 9 | 10-12 || total
-------------------------+-------+-------+-------+-------++-------
Melee: Unarmed           |   109 |   227 |   149 |    22 ||   507
       Giant spiked club |       |       |    72 |       ||    72
       Battleaxe         |       |       |   146 |   150 ||   296
Throw: Tomahawk          |       |       |     2 |     9 ||    11
 Cast: Beastly Appendage |     5 |     2 |     2 |     2 ||    11
Invok: Temporal Distorti |       |       |       |     1 ||     1
Evoke: Wand              |       |       |     3 |     3 ||     6
  Use: Scroll            |       |       |    12 |    11 ||    23
       Potion            |       |       |       |     4 ||     4
 Stab: Sleeping          |       |       |     3 |     1 ||     4
